 Dungeon Crawl Stone Soup version 0.31.0-9-g3a7656b989 (webtiles) character file.

Game seed: 14633584807131337569

76 qw the Shooter (level 4, 0/22 HPs)
             Began as a Spriggan Hunter on Feb 2, 2024.
             Slain by a rat (1 damage)
             ... on level 3 of the Dungeon.
             The game lasted 00:00:04 (1581 turns).

qw the Shooter (Spriggan Hunter)                    Turns: 1581, Time: 00:00:05

Health: 0/22       AC:  2    Str:  7    XL:     4   Next: 12%
Magic:  5/5        EV: 19    Int: 10    God:
Gold:   81         SH:  0    Dex: 20    Spells: 3/3 levels left

rFire   . . .        a - +0 shortbow
rCold   . . .        (shield currently unavailable)
rNeg    . . .        c - +0 robe
rPois   .            (helmet restricted)
rElec   .            (no cloak)
rCorr   .            (gloves unavailable)
SInv    +            (boots unavailable)
Will    .....        (no amulet)
Stlth   ++           (no ring)
HPRegen 0.23/turn    (no ring)
MPRegen 0.09/turn

%: no passive effects
@: very quick
A: very small, no large weapons, unfitting armour, see invisible, speed 3, horns
1, high MP 1, MP-powered wands
a: no special abilities


You were on level 3 of the Dungeon.
You visited 1 branch of the dungeon, and saw 3 of its levels.

You collected 81 gold pieces.


Innate Abilities, Weirdness & Mutations

You are very small and have problems with some larger weapons.
You are too small for most types of armour.
You have supernaturally acute eyesight. (SInv)
You cover ground extremely quickly. (Speed+++)
You have a pair of small horns on your head.
You have an increased reservoir of magic. (+10% MP)
You expend magic power (3 MP) to strengthen your wands.


   Skills:
 - Level 1.5 Fighting
 - Level 5.0 Ranged Weapons
 + Level 4.3 Dodging
 - Level 1.5 Stealth


You had 3 spell levels left.
You didn't know any spells.
Your spell library was empty.

Inventory:

Hand Weapons
 a - a +0 shortbow (weapon)
Armour
 c - a +0 robe (worn)
Potions
 d - a potion of curing
 f - a potion of haste
 g - a potion of mutation
 h - a potion of might {unknown}

Dungeon Overview and Level Annotations

Branches:
Dungeon (3/15)

Altars:

Annotations:
D:3 Robin


Message History

The goblin misses you. The rat bites you. The goblin closely misses you.
Robin misses you. The goblin barely misses you.
You shoot an arrow. The arrow hits Robin.
Robin is severely wounded.
The goblin hits you with a +0 war axe. The rat misses you.
The goblin hits you with a +0 club. The goblin misses you.
You shoot an arrow. The arrow barely misses Robin.
The arrow hits the hobgoblin.
The hobgoblin is moderately wounded.
The goblin misses you. The hobgoblin completely misses you.
The goblin completely misses you. The rat barely misses you.
The goblin hits you with a +0 club.
You shoot an arrow. The arrow closely misses Robin.
The arrow hits the hobgoblin!
You kill the hobgoblin!
The hobgoblin completely misses you. The goblin closely misses you. x2
The rat completely misses you. The goblin completely misses you.
You shoot an arrow. The arrow completely misses Robin.
The goblin barely misses you. The goblin misses you. The rat misses you.
The goblin closely misses you. Robin completely misses you.
The hobgoblin completely misses you.
You shoot an arrow.
The arrow hits Robin but does no damage.
Robin is severely wounded.
The goblin hits you with a +0 club. The hobgoblin barely misses you.
The goblin closely misses you. The goblin completely misses you.
The rat misses you.
Robin roars a battlecry!
The goblins go into a battle-frenzy!
You shoot an arrow. The arrow barely misses Robin.
The goblin barely misses you. The goblin misses you.
The hobgoblin closely misses you. The goblin misses you.
The rat completely misses you. Robin hits you with a +0 whip.
You shoot an arrow.
The arrow hits Robin but does no damage.
Robin is severely wounded.
The goblin closely misses you. The goblin hits you with a +0 club.
The hobgoblin hits you. Robin completely misses you.
The goblin hits you with a +0 war axe. The rat closely misses you.
The goblin hits you with a +0 dagger. The rat bites you.
You die...

#.# #.# #.#
#.# #.# #.#
#.# ##g##
#r@g#
#gggg......
#).g.######
...).##
)##.### ..
.. # ##. #.


You could see Robin, a hobgoblin (strong), 5 goblins and a rat.

Vanquished Creatures
  2 adders (D:2)
  A dart slug (D:1)
  5 ball pythons (D:1)
  6 endoplasms
  3 giant cockroaches
  7 goblins
  4 hobgoblins
  3 quokkas
  6 bats
  3 frilled lizards
  5 kobolds
  4 rats
49 creatures vanquished.

Notes
Turn   | Place    | Note
-------+----------+-------------------------------------------
     0 | D:1      | qw the Spriggan Hunter began the quest for the Orb.
     0 | D:1      | Reached XP level 1. HP: 10/10 MP: 2/2
     0 | D:1      | 0 ||| qw: Version: 0.3-a-155-g5e7d8dd
     0 | D:1      | 0 ||| qw: Game counter: 2408
     0 | D:1      | 0 ||| qw: Melee chars always use a shield: true
     0 | D:1      | 0 ||| qw: God list: Okawaru
     0 | D:1      | 0 ||| qw: Allow faded altars: false
     0 | D:1      | 0 ||| qw: Do Orc after clearing Dungeon:15 true
     0 | D:1      | 0 ||| qw: Do second Lair branch before Depths: true
     0 | D:1      | 0 ||| qw: Lair rune preference: random
     0 | D:1      | 0 ||| qw: Goals: Normal
     0 | D:1      | 0 ||| PLANNING D:1-11
    80 | D:1      | Reached skill level 3 in Dodging
   118 | D:1      | Reached XP level 2. HP: 14/14 MP: 3/3
   122 | D:1      | Found a faded altar of an unknown god.
   470 | D:1      | Reached XP level 3. HP: 16/18 MP: 4/4
   698 | D:1      | 698 ||| DROPPING ring of wizardry.
   699 | D:1      | 699 ||| READING scroll labelled CEATWU QOIMYA.
   699 | D:1      | 699 ||| IDENTIFYING puce potion
   700 | D:1      | 700 ||| READING scroll labelled GUNEBI PUENAN.
   801 | D:1      | 801 ||| DROPPING scroll of butterflies.
   802 | D:1      | 802 ||| DROPPING potion of berserk rage.
  1340 | D:2      | Reached skill level 5 in Ranged Weapons
  1475 | D:2      | 1475 ||| READING 3 scrolls of identify.
  1475 | D:2      | 1475 ||| IDENTIFYING viscous amethyst potion
  1476 | D:2      | 1476 ||| READING 2 scrolls of identify.
  1476 | D:2      | 1476 ||| IDENTIFYING amethyst potion
  1477 | D:2      | 1477 ||| READING scroll of identify.
  1477 | D:2      | 1477 ||| IDENTIFYING dark potion
  1478 | D:2      | 1478 ||| DRINKING 2 yellow potions.
  1478 | D:2      | Gained mutation: You have a pair of small horns on your
                  | head. [potion of mutation]
  1478 | D:2      | Gained mutation: You have an increased reservoir of magic.
                  | (+10% MP) [potion of mutation]
  1478 | D:2      | Gained mutation: You expend magic power (3 MP) to
                  | strengthen your wands. [potion of mutation]
  1554 | D:3      | Reached XP level 4. HP: 22/22 MP: 5/5
  1566 | D:3      | Noticed Robin
  1573 | D:3      | HP: 4/22 [goblin/+0 dagger[Robin] (2)]
  1574 | D:3      | 1574 ||| DRINKING potion of heal wounds.
  1581 | D:3      | HP: 4/22 [goblin/+0 war axe (3)]
  1581 | D:3      | HP: 1/22 [goblin/+0 dagger[Robin] (3)]
  1581 | D:3      | Slain by a rat

Levels and vault maps discovered:
D:1:      reono_arrival_forest_river, layout_basic,
          hellmonk_ecumenical_altar_arch_garden
D:2:      layout_loops_ring
D:3:      layout_loops_ring, minmay_fractal_squares_diagonal_5, uniq_robin,
          uniq_sigmund

Skill      XL: |  1  2  3 |
---------------+----------+-----
Dodging        | 3 4 |  4.3
Ranged Weapons | 5 |  5.0
Fighting       | |  1.5
Stealth        | |  1.5

Action                     |  1- 3 |  4- 6 || total
---------------------------+-------+-------++-------
   Fire: Shortbow          |    97 |    23 ||   120
    Use: Scroll            |     5 |       ||     5
         Potion            |     1 |     1 ||     2
 Armour: Robe              |     6 |    21 ||    27
  Dodge: Dodged            |    20 |    48 ||    68

Table legend:
 A = Non-vault XP
 B = Vault XP
 C = Vault XP percentage of total XP
 D = Non-vault monster count
 E = Vault monster count
 F = Vault count percentage of total count
                 A         B        C        D         E       F
            +---------+---------+-------+---------+---------+-------
      Total |      97 |      12 |  11.0 |      43 |       6 |  12.2
            +---------+---------+-------+---------+---------+-------
        D:1 |      47 |       0 |   0.0 |      28 |       0 |   0.0
        D:2 |      48 |       0 |   0.0 |      14 |       0 |   0.0
        D:3 |       2 |      12 |  85.7 |       1 |       6 |  85.7
            +---------+---------+-------+---------+---------+-------
